AoeStats
← Adrijiga

Lombardia

508100594Analyzed
4v4 RM · 13d ago on Sep 20, 2026· 44m 44s· 8 players
Game mode
Random Map
Map size
Large (8 player)
Population
200
Speed
Normal
Resources
Standard
Victory
Conquest
Starting age
Dark Age
Ending age
Imperial Age
RankedLock teamsTeams togetherTeam positionsShared explorationLock speedFull tech treeHidden civsTurbo modeCheats
Victory
Defeat
🇲🇽 Khmer · Mexico
1477
+16
🇨🇳 Mongols · China
1409
+18
🇦🇷 Magyars · Argentina
1368
+20
🇪🇸 Persians · Spain
1346
+21
🇨🇱 Franks · Chile
1551
-22
🇦🇷 Berbers · Argentina
1544
-22
🇧🇷 Saracens · Brazil
1457
-19
🇵🇪 Mongols · Peru
1288
-12
The Lord Daniel
6:24 Loom
8:56 Feudal Age
10:05 Double-Bit Axe
11:00 Horse Collar
18:58 Castle Age
16:54 Gold Mining
18:39 Wheelbarrow
20:23 Bow Saw
21:54 Heavy Plow
24:45 Hand Cart
29:20 Imperial Age
26:38 Town Watch
27:40 Gold Shaft Mining
27:01 Stone Mining
28:47 Stone Shaft Mining
28:04 Fletching
28:14 Padded Archer Armor
29:20 Ballistics
28:59 Bodkin Arrow
29:59 Leather Archer Armor
32:02 Conscription
32:08 Bracer
32:37 Double Crossbow
33:24 Elite Ballista Elephant
35:04 Ring Archer Armor
35:43 Chemistry
36:53 Crop Rotation
38:13 Careening
38:08 Siege Engineers
39:40 Bloodlines
39:30 Husbandry
41:24 Parthian Tactics
42:06 Scale Barding Armor
42:13 Forging
43:58 Chain Barding Armor
44:14 Iron Casting
42:59 Light Cavalry
45:25 Plate Barding Armor
勇敢牛牛
5:15 Loom
7:31 Feudal Age
8:43 Double-Bit Axe
15:05 Wheelbarrow
19:26 Castle Age
19:22 Bloodlines
19:19 Scale Barding Armor
21:24 Light Cavalry
22:58 Husbandry
26:29 Forging
30:41 Fletching
35:13 Bodkin Arrow
36:57 Hand Cart
37:40 Masonry
39:41 Fortified Wall
45:30 Imperial Age
la kakarota
11:39 Feudal Age
9:55 Loom
15:55 Castle Age
14:57 Double-Bit Axe
14:54 Horse Collar
20:23 Wheelbarrow
27:37 Bow Saw
27:33 Heavy Plow
27:49 Gold Mining
28:10 Scale Barding Armor
30:48 Imperial Age
29:04 Masonry
28:51 Murder Holes
29:23 Chain Barding Armor
29:34 Husbandry
28:56 Light Cavalry
31:00 Bloodlines
31:10 Corvinian Army
30:59 Cavalier
33:57 Plate Barding Armor
34:09 Hand Cart
34:27 Crop Rotation
35:00 Two-Man Saw
35:35 Paladin
37:00 Town Watch
37:02 Hussar
39:39 Fletching
39:50 Scale Mail Armor
40:37 Town Patrol
41:17 Gold Shaft Mining
40:33 Stone Mining
Adrijiga
10:35 Feudal Age
10:36 Loom
15:03 Forging
15:00 Double-Bit Axe
20:26 Castle Age
21:55 Wheelbarrow
21:37 Bow Saw
25:10 Hand Cart
25:39 Iron Casting
24:57 Horse Collar
26:09 Heavy Plow
27:17 Stone Mining
28:25 Scale Barding Armor
30:18 Bloodlines
30:10 Husbandry
30:10 Gold Mining
30:59 Stone Shaft Mining
33:38 Imperial Age
31:58 Town Watch
33:56 Town Patrol
34:57 Blast Furnace
34:20 Chain Barding Armor
33:25 Heavy Camel Rider
35:28 Gold Shaft Mining
36:00 Two-Man Saw
34:28 Light Cavalry
35:41 Conscription
35:49 Hussar
40:32 Caravan
42:37 Crop Rotation
44:32 Plate Barding Armor
AiM | PoRRo
5:14 Loom
11:08 Feudal Age
17:41 Castle Age
15:29 Double-Bit Axe
22:04 Wheelbarrow
22:03 Bow Saw
25:05 Town Watch
26:49 Town Patrol
28:07 Hand Cart
32:14 Imperial Age
30:37 Fortified Wall
30:34 Scale Barding Armor
30:40 Forging
32:11 Chain Barding Armor
32:56 Cavalier
33:36 Husbandry
34:16 Plate Barding Armor
34:17 Iron Casting
34:09 Conscription
33:51 Chivalry
34:13 Caravan
34:38 Paladin
39:39 Pikeman
41:25 Blast Furnace
40:26 Scale Mail Armor
41:34 Chemistry
41:13 Squires
42:13 Masonry
43:08 Halberdier
PNLN | maromba_aoe
10:40 Feudal Age
15:11 Castle Age
13:29 Double-Bit Axe
15:00 Horse Collar
17:06 Bow Saw
16:57 Loom
20:37 Fletching
22:09 Forging
23:00 Wheelbarrow
23:43 Scale Barding Armor
24:44 Hand Cart
28:14 Iron Casting
29:22 Chain Barding Armor
29:15 Town Watch
29:26 Bodkin Arrow
33:47 Imperial Age
32:21 Heavy Plow
32:12 Gold Mining
32:12 Stone Mining
35:36 Bloodlines
35:27 Husbandry
35:04 Capped Ram
36:51 Chemistry
36:02 Masonry
36:15 Conscription
36:52 Plate Barding Armor
36:13 Siege Ram
36:54 Elite Mameluke
39:29 Blast Furnace
38:07 Heavy Camel Rider
41:50 Caravan
41:52 Onager
Azulazar
7:30 Loom
10:27 Feudal Age
17:57 Castle Age
16:36 Double-Bit Axe
17:22 Horse Collar
17:35 Fletching
18:59 Bodkin Arrow
20:08 Padded Archer Armor
20:07 Town Watch
23:06 Bow Saw
23:17 Gold Mining
23:18 Stone Mining
25:05 Wheelbarrow
26:06 Leather Archer Armor
28:07 Hand Cart
28:29 Gold Shaft Mining
30:48 Ballistics
30:54 Heavy Plow
38:10 Imperial Age
36:14 Kasbah
38:43 Bloodlines
38:33 Husbandry
39:01 Scale Barding Armor
39:59 Conscription
40:17 Hoardings
39:44 Maghrebi Camels
40:07 Chain Barding Armor
39:58 Forging
40:22 Crop Rotation
40:20 Fortified Wall
40:14 Light Cavalry
40:14 Heavy Camel Rider
41:52 Plate Barding Armor
44:16 Iron Casting
43:48 Maghrebi Camels
aariva83
1:56 Loom
10:35 Feudal Age
12:40 Wheelbarrow
13:22 Horse Collar
17:27 Castle Age
17:28 Fletching
18:16 Double-Bit Axe
19:00 Town Watch
20:08 Gold Mining
22:03 Stone Mining
23:13 Padded Archer Armor
30:25 Ballistics
35:01 Leather Archer Armor
36:33 Heavy Plow
37:42 Bow Saw
39:45 Thumb Ring
43:47 Imperial Age
41:36 Hand Cart
43:02 Bloodlines
43:16 Scale Barding Armor
44:13 Husbandry
Connection lost

Rejoining the realm…

Still unreachable

The connection could not be restored.

Session expired

The server has moved on; the page needs a fresh start.